 Dungeon Crawl Stone Soup version 0.18.1-48-g4cf74bf (webtiles) character file.

105 Mesmaeker13 the Cudgeler (level 4, -1/49 HPs)
             Began as an Ogre Gladiator on Aug 3, 2016.
             Was an Initiate of Makhleb.
             Slain by a kobold
             ... wielding a +2 dagger of venom
              (4 damage)
             ... on level 3 of the Dungeon.
             The game lasted 00:04:32 (1549 turns).

Mesmaeker13 the Cudgeler (Ogre Gladiator)           Turns: 1549, Time: 00:04:32

Health: -1/49      AC:  3    Str: 18 (20) XL:     4   Next: 81%
Magic:  4/4        EV: 10    Int:  6 (7)  God:    Makhleb [......]
Gold:   144        SH:  0    Dex:  8 (11) Spells: 0 memorised, 3 levels left

rFire  + . .     SeeInvis .     a - +1 flail
rCold  x . .     Gourm    .     b - +0 robe
rNeg   . . .     Faith    .     (no shield)
rPois  .         Spirit   .     c - +0 hat
rElec  .         Dismiss  .     (no cloak)
rCorr  .         Reflect  .     (gloves unavailable)
SustAt .         Harm     .     (boots unavailable)
MR     .....                    (no amulet)
Stlth  ++........               x - ring of fire
                                g - ring of stealth

@: lethally poisoned (-1 -> -29), slowed, very slow, not resistant to hostile
enchantments, unstealthy
A: unfitting armour, tough skin 1
a: Renounce Religion


You were on level 3 of the Dungeon.
You worshipped Makhleb.
Makhleb was noncommittal.
You were not hungry.

You visited 1 branch of the dungeon, and saw 3 of its levels.

You collected 144 gold pieces.

Inventory:

Hand Weapons
 a - a +1 flail (weapon)
 t - a +0 blowgun
Missiles
 d - 3 throwing nets (quivered)
 l - 13 poisoned needles
Armour
 b - a +0 robe (worn)
 c - a +0 hat (worn)
Jewellery
 g - a ring of stealth (left hand)
 x - a ring of fire (right hand)
Scrolls
 e - a scroll of remove curse
 k - a scroll of amnesia {unknown}
 m - a scroll of fog {unknown}
 n - a scroll of magic mapping {unknown}
 o - a scroll of identify {unknown}
 r - a scroll of blinking {unknown}
 y - a scroll of enchant weapon
Potions
 h - a potion of flight {unknown}
 i - a potion of haste {unknown}
 j - a potion of experience {unknown}
 p - a potion of brilliance {unknown}
 q - a potion of agility {unknown}
 u - a potion of cure mutation {unknown}
 w - a potion of invisibility {unknown}
Comestibles
 f - 2 bread rations
 v - 15 fruits
 z - a meat ration
 A - 4 chunks of flesh


   Skills:
 + Level 4.4 Fighting
 + Level 5.0 Maces & Flails
 - Level 2.0 Throwing
 + Level 3.5 Dodging


You had 3 spell levels left.
You didn't know any spells.

Dungeon Overview and Level Annotations

Branches:
Dungeon (3/15)

Altars:
Makhleb

Annotations:
D:3 Robin


Innate Abilities, Weirdness & Mutations

You are too large for most types of armour.
You have tough skin (AC +1).


Message History

You barely miss the kobold.
The kobold is severely wounded.
* * * LOW HITPOINT WARNING * * *
You feel very sick.
The kobold hits you with an uncursed dagger of venom.
* * * LOW HITPOINT WARNING * * *
You are more poisoned.
The kobold barely misses you.
Drink which item? (? for menu, Esc to quit)
It was a potion of degeneration.
There was something very wrong with that liquid.
You feel weakened.
You feel dopey.
You feel clumsy.
* * * LOW HITPOINT WARNING * * *
You feel very sick.
The kobold hits you with an uncursed dagger of venom.
* * * LOW HITPOINT WARNING * * *
The kobold completely misses you. The kobold hits you with a short sword.
* * * LOW HITPOINT WARNING * * *
The kobold hits you with an uncursed dagger of venom.
You die...

.#.#......##....######)#.#
+......''....+........#
#......##....##.###.###
#......##....##.# #.#
#......##....##.# #.#
#......##....##.# #.#
#......########.# #.#
#.....(K# #.# #.#
#######@# #.# #.# #K##
###.###.# #..# #.......#
##.## #.#)##### #..###.#.#
#......#.#
.################......#.#
.......(..K.K..........#.#
.......##########(....##.#


You could see 2 kobolds.

Vanquished Creatures
  Ijyb (D:2)
  2 adders (D:2)
  2 oozes (D:1)
  3 dart slugs (D:1)
  A giant gecko (D:1)
  A ball python (D:1)
  3 giant cockroaches
  5 goblins
  10 hobgoblins
  7 bats
  3 kobolds
  6 rats
44 creatures vanquished.

Notes
Turn   | Place    | Note
--------------------------------------------------------------
     0 | D:1      | Mesmaeker13 the Ogre Gladiator began the quest for the Orb.
     0 | D:1      | Reached XP level 1. HP: 22/22 MP: 1/1
    37 | D:1      | Reached XP level 2. HP: 30/31 MP: 2/2
   289 | D:1      | Reached XP level 3. HP: 25/39 MP: 3/3
   771 | D:2      | Noticed Ijyb
   781 | D:2      | Killed Ijyb
   781 | D:2      | Reached XP level 4. HP: 44/48 MP: 4/4
   953 | D:2      | Found a burning altar of Makhleb.
   959 | D:2      | Became a worshipper of Makhleb the Destroyer
  1286 | D:3      | Reached skill level 5 in Maces & Flails
  1424 | D:3      | Noticed Robin
  1549 | D:3      | Slain by a kobold

Skill      XL: |  1  2  3  4 |
---------------+-------------+-----
Fighting       | 3 4 |  4.4
Dodging        | 3 |  3.5
Maces & Flails | 5 |  5.0
Throwing       | |  2.0

Action                   |  1- 3 |  4- 6 || total
-------------------------+-------+-------++-------
Melee: Flail             |    94 |    31 ||   125
  Use: Scroll            |       |     3 ||     3
       Potion            |       |     1 ||     1
 Stab: Sleeping          |     1 |     1 ||     2
  Eat: Chunk             |       |     2 ||     2
Armor: Robe              |    19 |     6 ||    25
Dodge: Dodged            |    51 |    18 ||    69
